[Event "Early-Titled-Tuesday-Blitz-May-07-2024"]
[Site "Chess.com"]
[Date "2024.05.07"]
[Round "2"]
[White "bascheyaro"]
[Black "Root_21"]
[Result "0-1"]
[WhiteElo "2846"]
[BlackElo "2602"]
[TimeControl "180+1"]
[EndTime "8:20:53 PDT"]
[Termination "Root_21 won by resignation"]

1. d4 d5 2. Nf3 c5 3. Bf4 Nc6 4. e3 cxd4 5. exd4 Bf5 6. c3 e6 7.
Nbd2 h5 8. Qb3 Qd7 9. Ne5 Nxe5 10. Bxe5 a6 11. Rc1 f6 12. Bf4 b5 13. Be2 h4 14. h3 g5 15. Bh2 Kf7 16. f4 Bd6 17. O-O Qc7 18. a4 bxa4 19. Qxa4 gxf4 20. c4 Qb8 21.
cxd5 exd5 22. Bf3 Ne7 23. Qa2 Qb5 24. Rfe1 Rab8 25. Ne4 Bxe4 26. Bxe4 Qxb2 27. Bxd5+ Kg7 28. Qxa6 Qxd4+ 29. Kh1 Qxd5 30. Rcd1 Ra8 31. Qxd6 Qxd6 32. Rxd6 Ng6 33. Ree6 Ra1+ 34. Bg1 Rf8 35. Kh2 Ra2 36. Kh1 Ra1 37. Kh2 f3 38. Rxf6 Rxf6 39. Rxf6 Kxf6 40. Bd4+ Kf5 41. gxf3 Ra2+ 42. Kg1 Kf4 43. Bf6 Kxf3 44.
Bd8 Ra1+ 45. Kh2 Ra2+ 46. Kg1 Kg3 47. Bc7+ Kxh3 48. Bb8 Kg4 49. Bc7 h3 50. Bd6 Nf4 51. Kh1 Kg3 52. Bc5 Kg4 53. Bg1 Ne2 54. Bf2 Ng3+ 55.
Kg1 h2+ 56. Kxh2 Rxf2+ 57. Kg1 Rf1+ 58. Kg2 Rf8 59. Kh2 Nf5 0-1

[Event "Early-Titled-Tuesday-Blitz-May-07-2024"]
[Site "Chess.com"]
[Date "2024.05.07"]
[Round "2"]
[White "czechbul17"]
[Black "db-banana"]
[Result "1-0"]
[WhiteElo "2114"]
[BlackElo "2439"]
[TimeControl "180+1"]
[EndTime "8:20:53 PDT"]
[Termination "czechbul17 won by checkmate"]

1. d4 Nf6 2. c4 c5 3. d5 e6 4. Nc3 exd5 5. cxd5 d6 6. e4 g6 7. f4 Bg7 8. Nf3 O-O 9. Be2 Re8 10. e5 dxe5 11. fxe5 Ng4 12. Bg5 Qa5 13. O-O Nxe5 14. d6 Nxf3+ 15. Bxf3 Bxc3 16. bxc3 c4 17. Bd5 Be6 18.
Bxe6 Rxe6 19. Qf3 Qb6+ 20. Kh1 f5 21. Rae1 Qxd6 22. Qxb7 Qc6 23. Qxc6 Rxc6 24. Re8+ Kf7 25. Rfe1 Rc7 26. Bh6 g5 27. Bxg5 a5 28. Bf4 Rb7 29. h3 a4 30. Rh8 Kg7 31. Ree8 Ra6 32. Reg8+ Kf7 33. Rxb8 Rxb8 34. Rxb8 a3 35. Rb4 Rc6 36. Bc1 Ke6 37. Bxa3 Kd5 38. Rb5+ Ke4 39. Rc5 Ra6 40.
Rxc4+ Kd3 41. Rd4+ Kxc3 42. Bc5 Rc6 43. Rd5 Kc4 44. Rxf5 Ra6 45. a3 Ra5 46. Rf4+ Kd3 47. Bb4 Re5 48. Rf3+ Ke2 49. Kh2 h5 50. h4 Re4 51. Kh3 Rg4 52. Rf5 Re4 53. Rxh5 Kf1 54. Rf5+ Kg1 55. Bc5+ Kh1 56. Rf1# 1-0

[Event "Early-Titled-Tuesday-Blitz-May-07-2024"]
[Site "Chess.com"]
[Date "2024.05.07"]
[Round "2"]
[White "jefferyx"]
[Black "SRob2003"]
[Result "1-0"]
[WhiteElo "3123"]
[BlackElo "2659"]
[TimeControl "180+1"]
[EndTime "8:20:56 PDT"]
[Termination "jefferyx won by resignation"]

1. e4 c5 2. Nf3 d6 3. Nc3 Nc6 4. d4 cxd4 5. Nxd4 Nf6 6. Bg5 e6 7. Qd3 Be7 8. O-O-O a6 9. f4 Qc7 10. Be2 Bd7 11. Bf3 Rc8 12. Rhe1 h6 13. Bh4 g5 14.
Nxc6 Bxc6 15. fxg5 Nh7 16. Rf1 hxg5 17. Bg3 Rd8 18.
Kb1 Nf6 19. h3 Nd7 20. Qe2 Ne5 21. Bh5 Rh7 22. Rf2 b5 23. Rdf1 b4 24. Bxe5 dxe5 25. Rxf7 Rxf7 26. Bxf7+ Kd7 27. Qg4 Kc8 28. Bxe6+ Kb8 29.
Nd5 Bxd5 30. Bxd5 a5 31. Qe2 Qb6 32. Rf7 Qg1+ 33. Qf1 Qxf1+ 34. Rxf1 Rf8 35. Rf5 Kc7 36. g3 Kd6 37. Rxf8 Bxf8 38. h4 gxh4 39. gxh4 Bh6 40. c3 bxc3 41. bxc3 Kc5 42. Kc2 Bf4 43. Kb3 Kb6 44.
Ka4 Bg3 45. h5 Bf4 46. Kb3 Bd2 47. Kc4 Bf4 48. Bf7 Kc7 49. Kd5 Kd7 50. c4 Ke7 51.
Bg6 Kd7 52. c5 Be3 53. c6+ Kc7 54. Be8 Bf4 55. Ke6 Kd8 56. Bd7 a4 57. Kd6 1-0

[Event "Early-Titled-Tuesday-Blitz-May-07-2024"]
[Site "Chess.com"]
[Date "2024.05.07"]
[Round "2"]
[White "Oleksandr_Bortnyk"]
[Black "Mikasinski"]
[Result "1-0"]
[WhiteElo "3055"]
[BlackElo "2646"]
[TimeControl "180+1"]
[EndTime "8:20:56 PDT"]
[Termination "Oleksandr_Bortnyk won by resignation"]

1. e4 e5 2. Nf3 Nc6 3. Bb5 Nge7 4.
d3 d6 5. c3 h6 6. Be3 a6 7.
Ba4 f5 8. d4 fxe4 9. Nh4 Be6 10. dxe5 g5 11. Nd2 d5 12. Bb3 Nxe5 13. Nxe4 dxe4 14. Qh5+ Kd7 15. O-O-O+ Nd3+ 16. Rxd3+ exd3 17. Bxe6+ Kxe6 18. Bd4 d2+ 19. Kxd2 Rg8 20. Re1+ Kd6 21. Qf7 c5 22. Nf5+ Kc6 23. Nxe7+ Bxe7 24. Rxe7 cxd4 25. Re6+ Qd6 26. Rxd6+ Kxd6 27. Qf6+ Kc7 28. cxd4 Raf8 29. Qe5+ Kc8 30. f3 Re8 31. Qf6 h5 32. Qh6 h4 33. g3 Kb8 34. gxh4 gxh4 35. Qxh4 Rg2+ 36.
Kd3 Rxb2 37. Qf4+ Ka8 38. Qf7 Rd8 39. h4 Rb1 40. Qf6 Rd1+ 41. Ke3 Re8+ 42. Kf2 Rd2+ 43. Kg3 Rxa2 44. h5 Ra1 45. Qf7 Rh8 46.
Kg2 Ra5 47. d5 Ra2+ 48. Kg3 Ra1 49. d6 Rd1 50. Qe7 Rg8+ 51. Kf2 Rd2+ 52. Ke3 Rd5 53. h6 Rh5 54. h7 Rh8 55. d7 R5xh7 56. d8=Q+ Rxd8 57. Qxd8+ Ka7 58. f4 Rh3+ 59. Ke4 Rb3 60. f5 Rb4+ 61.
Ke3 Rb5 62. f6 1-0

[Event "Early-Titled-Tuesday-Blitz-May-07-2024"]
[Site "Chess.com"]
[Date "2024.05.07"]
[Round "2"]
[White "Chessdude1987"]
[Black "Statham_01"]
[Result "0-1"]
[WhiteElo "2365"]
[BlackElo "2649"]
[TimeControl "180+1"]
[EndTime "8:20:57 PDT"]
[Termination "Statham_01 won by checkmate"]

1. e4 e5 2. Nf3 Nc6 3. d4 exd4 4. Nxd4 Nf6 5. Nc3 Nxe4 6. Nxe4 Qe7 7. Nxc6 Qxe4+ 8. Be2 dxc6 9. O-O Bd6 10. Bd3 Qh4 11.
g3 Qf6 12. Re1+ Be6 13. Bc4 O-O-O 14. Bxe6+ fxe6 15. Qe2 Rde8 16. c4 h5 17. h4 Kb8 18.
Bg5 Qf5 19. Qe4 Rhf8 20. Re2 Bc5 21. Rf1 a5 22. Kg2 g6 23. b3 e5 24. Qxf5 gxf5 25. Rfe1 Bd4 26. Be3 f4 27. Bxf4 Bc3 28. Bd2 Bd4 29.
Be3 Rd8 30. Bxd4 exd4 31. Rd2 c5 32. Re5 b6 33. Rxh5 Rf6 34. Rg5 Rdf8 35. h5 Kb7 36. f4 Re8 37. Re5 Rg8 38. Kf3 a4 39. g4 Ka6 40. g5 Rf7 41. h6 Ka5 42. Rh2 axb3 43.
axb3 Kb4 44. Ke4 Rgf8 45. f5 Kc3 46. g6 Rd7 47. h7 Rh8 48. f6 d3 49. g7 Rd4+ 50.
Ke3 Rxh7 51. Rxh7 d2 52. g8=Q Rd3+ 53. Ke4 Rd4+ 54. Kf5 d1=Q 55. Rh3+ Kb4 56. Ke6 Qf1 57. Ke7 Rd6 58. Qg3 Qxf6+ 59. Ke8 Rd8# 0-1

[Event "Early-Titled-Tuesday-Blitz-May-07-2024"]
[Site "Chess.com"]
[Date "2024.05.07"]
[Round "2"]
[White "CruzWilliam"]
[Black "FREDERICKtheMATE"]
[Result "0-1"]
[WhiteElo "2396"]
[BlackElo "2700"]
[TimeControl "180+1"]
[EndTime "8:20:58 PDT"]
[Termination "FREDERICKtheMATE won by resignation"]

1. d4 Nf6 2. c4 e6 3. Nc3 d5 4. cxd5 exd5 5. Bg5 c6 6. e3 Be7 7. Bd3 Nbd7 8. Qc2 Nh5 9. Bxe7 Qxe7 10. Nge2 Nb6 11. h3 g6 12. O-O Ng7 13. Ng3 h5 14.
e4 h4 15. exd5 cxd5 16. Rfe1 Ne6 17. Nge2 O-O 18. Nf4 Qg5 19. Nxe6 Bxe6 20. Re5 Qf6 21. Rae1 Rfe8 22. Qe2 Bd7 23. Qd2 Bc6 24. b3 Kg7 25.
R1e3 Qf4 26. Ne2 Qh6 27. Qb4 Qh8 28. Qd6 Qf8 29. Qxf8+ Kxf8 30. Nc3 Nd7 31. Rxe8+ Rxe8 32. Rxe8+ Kxe8 33. g3 hxg3 34. fxg3 Nf8 35. Ne2 Ne6 36. Kf2 Ke7 37. Ke3 a5 38. h4 b6 39. Nf4 Ng7 40.
g4 Kf6 41. h5 gxh5 42. Nxh5+ Nxh5 43. gxh5 Kg5 44. Be2 Bd7 45. Bf3 Be6 46. a3 f6 47.
b4 axb4 48. axb4 f5 49. Be2 f4+ 50. Kf2 Bf7 51. Bf3 Kf5 52. Bg2 Kg5 53. Bf3 Be6 54.
Be2 Bg8 55. Bf3 Bf7 56. Kg2 Bxh5 57. Bxd5 Kf5 58. Kf2 Be8 59. Bf3 Bb5 60. Ke1 Kg5 61. Kf2 Bc4 62. Be4 Kg4 63. Bf3+ Kf5 64. Bg2 Bd3 65. Bc6 Be4 66. Bd7+ Kf6 67. Bg4 Ke7 68. Bf3 Bf5 69. Bg2 Kd6 70. Bf3 Be6 71. Bg2 Bd5 72.
Bf1 Kc6 73. Bd3 Bh1 74. Be2 Kd5 75. Bf1 Kxd4 76. Bb5 Kc3 77. Ba6 Kxb4 78. Kg1 Be4 79. Kf2 Kc3 80. Ke1 Kd4 81. Kd2 Kc5 82. Kc3 b5 83.
Bc8 b4+ 84. Kb2 f3 85. Bh3 f2 86. Bf1 Bd5 87. Bg2 Bc4 88. Bh3 f1=Q 89. Bxf1 Bxf1 90. Kb3 Bc4+ 0-1

[Event "Early-Titled-Tuesday-Blitz-May-07-2024"]
[Site "Chess.com"]
[Date "2024.05.07"]
[Round "2"]
[White "Shivananda1964"]
[Black "YouJustFoundYourGodfather"]
[Result "1-0"]
[WhiteElo "2380"]
[BlackElo "2552"]
[TimeControl "180+1"]
[EndTime "8:20:58 PDT"]
[Termination "Shivananda1964 won on time"]

1. Nf3 g6 2. d4 Bg7 3. g3 d6 4.
Bg2 c5 5. d5 Nf6 6. O-O O-O 7.
Nc3 Na6 8. Nd2 Re8 9. Nc4 Bf5 10. e4 Bg4 11. f3 Bd7 12. a4 Nb4 13. g4 h5 14. g5 Nh7 15. Bf4 b6 16. h4 Qc8 17.
Kh2 Qa6 18. Ne3 Rad8 19. Qd2 Bd4 20. Ncd1 Bxe3 21. Nxe3 Bc8 22. Rf2 Nf8 23. Bg3 e6 24. c3 Nd3 25. Bf1 c4 26. Bxd3 cxd3 27. c4 exd5 28.
Nxd5 Nd7 29. Qxd3 Qb7 30. b3 Qb8 31. Rd1 Bb7 32. Nc3 Nc5 33. Qc2 a6 34. Rfd2 Re6 35.
Ne2 Qc8 36. Nf4 Ree8 37. Nd5 Bxd5 38. Rxd5 Nb7 39. Qc3 Re6 40. Qd4 Qc6 41. Be1 Nc5 42. Bc3 Kf8 43. Qg7+ Ke8 44. Bf6 Nd7 45. Qh8+ Nf8 46.
Bg7 Ke7 47. Bf6+ Kd7 48. Bxd8 Re8 49. Bf6 Ne6 50. Qh7 Kc8 51. Qxf7 Nc5 52. Rxd6 Qc7 53. Qxe8+ Kb7 54. Be5 1-0

[Event "Early-Titled-Tuesday-Blitz-May-07-2024"]
[Site "Chess.com"]
[Date "2024.05.07"]
[Round "2"]
[White "Semetey"]
[Black "Airquake"]
[Result "1-0"]
[WhiteElo "2585"]
[BlackElo "2811"]
[TimeControl "180+1"]
[EndTime "8:21:00 PDT"]
[Termination "Semetey won by resignation"]

1. Nc3 Nf6 2. d4 d5 3. Bf4 Bf5 4. Nb5 Na6 5. e3 c6 6. Nc3 Nc7 7. Nf3 h6 8. h3 e6 9. a3 Bd6 10. Ne5 O-O 11. g4 Bh7 12. g5 hxg5 13. Bxg5 Be7 14.
Rg1 Nfe8 15. Bxe7 Qxe7 16. Bd3 Nf6 17. Qf3 Kh8 18. O-O-O Nb5 19. Nxb5 cxb5 20. Bxb5 Ne4 21. Bd3 Rac8 22. Qg2 Qf6 23. Nd7 Qh6 24. Nxf8 Rxf8 25. Kb1 Rc8 26. f3 Nd6 27. Bxh7 Qxh7 28. Qf2 Rc6 29. Rg4 Kg8 30. Rdg1 Ne8 31. e4 dxe4 32.
fxe4 Qh5 33. Qg3 Kf8 34. Qb8 g6 35. Qxb7 Rb6 36. Qc8 Qb5 37. Qc5+ Kg7 38. Qxb5 Rxb5 39.
c4 Rb3 40. R4g3 Rb7 41. c5 Nf6 42. Re1 Kf8 43. b4 a5 44. Rb3 Ke7 45. b5 a4 46.
Rb4 Kd8 47. b6 Kd7 48. Rxa4 Kc6 49. Rb4 Rb8 50. a4 Rh8 51. Rb3 Nd7 52. a5 Nb8 53.
Rd1 Rh5 54. d5+ exd5 55. exd5+ Kb7 56. c6+ Ka6 57. c7 Rh8 58. cxb8=Q Rxb8 59. d6 Rd8 60. d7 Kb7 61. a6+ Kb8 62. b7 1-0

[Event "Early-Titled-Tuesday-Blitz-May-07-2024"]
[Site "Chess.com"]
[Date "2024.05.07"]
[Round "2"]
[White "DonJuanEGenaro"]
[Black "DvaHrasta"]
[Result "0-1"]
[WhiteElo "2055"]
[BlackElo "2445"]
[TimeControl "180+1"]
[EndTime "8:21:00 PDT"]
[Termination "DvaHrasta won on time"]

1. d4 Nf6 2. Nf3 e6 3. e3 d5 4. Bd3 Bd6 5. Nbd2 b6 6. e4 Be7 7.
e5 Nfd7 8. c3 Ba6 9. c4 c5 10. Qe2 Nc6 11. cxd5 Bxd3 12. Qxd3 exd5 13. dxc5 Nxc5 14. Qb5 Qd7 15. O-O Nxe5 16. Qxd7+ Nexd7 17. Nd4 O-O 18. N2f3 Bf6 19. Bf4 Rfe8 20. Rad1 a6 21. b3 Rac8 22. Nf5 Re2 23. Rxd5 Rxa2 24. b4 Ne6 25. Rxd7 Nxf4 26. Nd6 Rf8 27. g3 Ne2+ 28. Kg2 Nc3 29. g4 h6 30. h4 Rd8 31. Rxd8+ Bxd8 32. Re1 Bc7 33. Re8+ Kh7 34. Nxf7 g6 35. h5 gxh5 36.
Re7 hxg4 37. N7e5+ Kg8 38. Nxg4 Bf4 39. Nf6+ Kf8 40.
Rb7 Nd1 41. Nd4 Rxf2+ 42. Kh3 Rh2+ 43. Kg4 Ne3+ 44. Kxf4 Nd5+ 45. Ke5 Nxf6 46. Kxf6 Rf2+ 47. Nf5 Ke8 48. Rxb6 h5 49. Rxa6 h4 50. Ke6 Kd8 51. Ra7 h3 52. Nd6 Re2+ 53. Kd5 h2 54. Kc6 Rc2+ 55.
Kb6 h1=Q 56. Rg7 Rd2 0-1

[Event "Early-Titled-Tuesday-Blitz-May-07-2024"]
[Site "Chess.com"]
[Date "2024.05.07"]
[Round "2"]
[White "Andrei_Skvortsov"]
[Black "zsizsi99"]
[Result "0-1"]
[WhiteElo "2721"]
[BlackElo "2516"]
[TimeControl "180+1"]
[EndTime "8:21:01 PDT"]
[Termination "zsizsi99 won by checkmate"]

1. e4 c5 2. d4 cxd4 3. Qxd4 Nc6 4. Qd3 g6 5. Nc3 Bg7 6. Nf3 d6 7. Be2 Nf6 8. O-O O-O 9. Nd5 Nxd5 10. exd5 Ne5 11. Nxe5 dxe5 12. Qb3 e6 13. c4 exd5 14.
cxd5 b6 15. Be3 Bb7 16. Rfd1 Qd6 17. a4 Rfd8 18. Bc4 f5 19. f3 e4 20. fxe4 fxe4 21. Bd4 Bxd4+ 22. Rxd4 Qc5 23. Rd1 Rd6 24. Kh1 Re8 25. Qe3 Re5 26. b4 Qxb4 27. Ba6 Rexd5 28. Rxd5 Rxd5 29. Rxd5 Qb1+ 30. Qg1 Qxg1+ 31. Kxg1 Bxd5 32. Kf2 Kf7 33. Ke3 Bc6 34. Bb5 Bb7 35. Kd4 Ke6 36. g4 Kd6 37. g5 a6 38. Bc4 Bc6 39. Bxa6 e3 40. Bc4 Bxa4 41. Kxe3 Ke5 42. Bg8 Kf5 43. h4 Kg4 44. Bxh7 Be8 45. Bg8 Kxh4 46. Kf4 b5 47.
Be6 Kh5 48. Bb3 Bc6 49. Bd1+ Kh4 50. Bc2 Be8 51. Bb3 Kh5 52. Be6 Kh4 53. Bd5 Bd7 54. Be4 Kh5 55. Bf3+ Kh4 56. Bd5 Be8 57. Bb3 b4 58. Bd5 Kh5 59. Be4 Bf7 60. Bc2 b3 61. Bd3 Kh4 62. Bf1 Be6 63. Bd3 Bf5 64. Bxf5 gxf5 65. g6 b2 66. g7 b1=Q 67. g8=Q Qe4# 0-1

[Event "Early-Titled-Tuesday-Blitz-May-07-2024"]
[Site "Chess.com"]
[Date "2024.05.07"]
[Round "2"]
[White "viktorgen2021"]
[Black "manipun1"]
[Result "1-0"]
[WhiteElo "2511"]
[BlackElo "2285"]
[TimeControl "180+1"]
[EndTime "8:21:02 PDT"]
[Termination "viktorgen2021 won by resignation"]

1. d4 d6 2. Nf3 g6 3. g3 Bg7 4. Bg2 Nf6 5. O-O O-O 6. a4 Nc6 7. a5 e5 8. a6 e4 9. Ng5 d5 10.
axb7 Bxb7 11. c4 h6 12. cxd5 Qxd5 13. Nc3 Qxd4 14. Ngxe4 Nxe4 15. Bxe4 Rad8 16. Qb3 Qb6 17. Qxb6 axb6 18. Bf4 Rd7 19. Rac1 Na5 20. Bxb7 Nxb7 21. b4 c5 22. Na4 cxb4 23. Nxb6 Re7 24. Nd5 Rd7 25.
Nxb4 Re8 26. e3 g5 27. Bc7 Rc8 28. Bb6 Rxc1 29. Rxc1 Rd2 30. Rc2 Rd1+ 31. Kg2 Nd6 32. g4 Ne4 33. Nc6 Rd6 34. Bd4 Nf6 35. Ne7+ Kf8 36.
Nf5 Re6 37. Rc8+ Re8 38. Rc7 Bh8 39. Nxh6 Kg7 40. Nf5+ Kg6 41. Nd6 Rf8 42. h3 Nd5 43. Bxh8 Nxc7 44. Be5 Ne6 45. Nf5 Ra8 46. Kf3 Nc5 47.
h4 Nd3 48. Bg3 gxh4 49. Bxh4 f6 50. Ne7+ Kf7 51. Nd5 Ne5+ 52. Kg3 Ra4 53. Nxf6 Nxg4 54. Nxg4 Kg6 55. Ne5+ Kf5 56. Nf3 Kg6 57. Be7 Kf5 58.
Bc5 Ke4 59. Bd4 Ra2 60. Nh4 Kd3 61. f3 Kc4 62. Kf4 Kd5 63. Nf5 Rh2 64. e4+ Kc4 65.
Be5 1-0

[Event "Early-Titled-Tuesday-Blitz-May-07-2024"]
[Site "Chess.com"]
[Date "2024.05.07"]
[Round "2"]
[White "Chess23Wizzard"]
[Black "erlesfar"]
[Result "1/2-1/2"]
[WhiteElo "2690"]
[BlackElo "2404"]
[TimeControl "180+1"]
[EndTime "8:21:04 PDT"]
[Termination "Game drawn by repetition"]

1. e4 d5 2. d3 dxe4 3. dxe4 Qxd1+ 4. Kxd1 Nc6 5. c3 Bd7 6. Kc2 O-O-O 7. f3 Nf6 8. Be3 Rg8 9. Bc4 e6 10. b4 g5 11. h3 h5 12. g4 Bd6 13. Nd2 Ne5 14.
Bb3 Bc6 15. Bd4 Nfd7 16. a4 b6 17. a5 Kb7 18. gxh5 Rh8 19. Ne2 Rxh5 20. f4 gxf4 21.
Nxf4 Rh4 22. Rhf1 Bb5 23. Rf2 Rg8 24. c4 Nxc4 25. Bxc4 Bxc4 26. Nxc4 Bxf4 27. a6+ Kb8 28. Rd1 e5 29. Bb2 Kc8 30. Rf3 Rg2+ 31. Kb1 Rg3 32.
Rf2 Rgxh3 33. Rc2 Kd8 34. Ka2 Rh2 35. Rc3 R4h3 36. Rxh3 Rxh3 37. Bxe5 Bg5 38. Bb2 Ke7 39. e5 Rh2 40. Rf1 Bd2 41. Kb3 Bh6 42. Rd1 Bg5 43.
Ba3 Rh3+ 44. Ka2 Ke6 45. b5 Rh2+ 46. Kb3 Nxe5 47. Re1 f6 48. Bb2 Bf4 49. Nxe5 Bxe5 50. Bxe5 fxe5 51. Rc1 Kd7 52. Rd1+ Ke7 53. Rc1 Rh3+ 54.
Kb4 Kd7 55. Rd1+ Ke7 56. Rc1 Kd6 57. Rd1+ Ke7 58. Rc1 1/2-1/2

[Event "Early-Titled-Tuesday-Blitz-May-07-2024"]
[Site "Chess.com"]
[Date "2024.05.07"]
[Round "2"]
[White "Vasily85"]
[Black "GothamChess"]
[Result "0-1"]
[WhiteElo "2451"]
[BlackElo "2722"]
[TimeControl "180+1"]
[EndTime "8:21:05 PDT"]
[Termination "GothamChess won on time"]

1. d4 d5 2. Nf3 Nf6 3. c4 dxc4 4. e3 e6 5. Bxc4 c5 6. O-O cxd4 7. Qxd4 Qxd4 8. Nxd4 a6 9. b3 e5 10. Nf3 Nc6 11.
Bb2 Bd6 12. Rd1 Bc7 13. Nc3 Bg4 14. Nd5 Nxd5 15. Bxd5 f6 16. Rac1 O-O-O 17. h3 Bh5 18.
g4 Bg6 19. Nh4 Nb4 20. Nxg6 hxg6 21. Be4 Nxa2 22. Rxd8+ Rxd8 23. Ra1 Nb4 24. Bxg6 Nd3 25. Bc3 Nc5 26. b4 Ne6 27. Bf5 Kd7 28. Kg2 Ke7 29. h4 Bd6 30. Rd1 Rd7 31. h5 Rc7 32. Be1 Rd7 33. Bc3 Rc7 34. Be1 Ng5 35. Bd2 Nf7 36. f4 Nh6 37. Kf3 Nxf5 38. gxf5 Rc4 39.
Rg1 Kf7 40. fxe5 Bxe5 41. Rg4 Rc2 42. Be1 Rh2 43. Bg3 Rh3 44. Kf2 Rxh5 45. Bxe5 Rxf5+ 46. Bf4 g5 47. Kg3 gxf4+ 48. exf4 Rb5 49. Rh4 Rxb4 50.
Rh7+ Ke6 51. Rc7 a5 52. f5+ Kd6 53. Rf7 Ke5 54. Rc7 a4 55. Rc5+ Kd6 56. Ra5 b6 57.
Ra6 Kc6 58. Kf3 Kb7 0-1

[Event "Early-Titled-Tuesday-Blitz-May-07-2024"]
[Site "Chess.com"]
[Date "2024.05.07"]
[Round "2"]
[White "Me_ch_an"]
[Black "kanzaww"]
[Result "1-0"]
[WhiteElo "2367"]
[BlackElo "2529"]
[TimeControl "180+1"]
[EndTime "8:21:05 PDT"]
[Termination "Me_ch_an won by resignation"]

1. e4 e5 2. Nf3 Nc6 3. Bb5 a6 4. Ba4 Nf6 5. Qe2 b5 6. Bb3 Bc5 7. c3 O-O 8. O-O d5 9. d3 h6 10. Rd1 d4 11. Nbd2 Bg4 12. Nf1 Qe7 13. h3 Be6 14.
Bc2 Rfd8 15. Ng3 dxc3 16. bxc3 b4 17. Ba4 Bd7 18. Bxc6 Bxc6 19. d4 exd4 20. cxd4 Bb6 21. d5 Bb5 22. Qc2 c6 23. Bb2 cxd5 24. Bxf6 Qxf6 25.
exd5 Rac8 26. Qf5 Qb2 27. Ne5 Be8 28. Rab1 Qxa2 29. Rxb4 Qa5 30. Rf4 f6 31. Qe6+ Kh8 32. Nf7+ Bxf7 33. Qxf7 Rc7 34. Qg6 Qc3 35. Re4 Qc2 36.
Re8+ Rxe8 37. Qxe8+ Kh7 38. Qe4+ Qxe4 39. Nxe4 a5 40. d6 Rd7 41. Nc3 Bc5 42. Nb5 Bb4 43. f4 a4 44. f5 a3 45. Kf2 Kg8 46. Kf3 Kf7 47. Ke4 a2 48. Kd5 Rb7 49. Kc6 Rb8 50. d7 Be7 51. Nc7 Bd8 52. Ne6 Ra8 53.
Nxd8+ Rxd8 54. Ra1 Ra8 55. Kc7 Ke7 56. Re1+ Kf7 57.
d8=Q Rxd8 58. Kxd8 g6 59. fxg6+ Kxg6 60. Ra1 Kf5 61. Rxa2 Kf4 62. Ke7 f5 63. Kf6 1-0

[Event "Early-Titled-Tuesday-Blitz-May-07-2024"]
[Site "Chess.com"]
[Date "2024.05.07"]
[Round "2"]
[White "Casablanca"]
[Black "GiorgianBarbosa"]
[Result "0-1"]
[WhiteElo "2717"]
[BlackElo "2498"]
[TimeControl "180+1"]
[EndTime "8:21:06 PDT"]
[Termination "GiorgianBarbosa won on time"]

1. c4 Nf6 2. d4 e6 3. Nc3 d5 4. cxd5 exd5 5. Bg5 c6 6. Qc2 Be6 7. e3 Bd6 8. Bd3 Nbd7 9. Nge2 Rc8 10. Bf4 Qe7 11.
O-O O-O 12. a3 a5 13. Rac1 h6 14. Rfd1 Rfe8 15. Na4 b5 16. Bxd6 Qxd6 17. Nc5 Nxc5 18. Qxc5 Qxc5 19. Rxc5 Nd7 20. Rc3 Nb6 21. b3 a4 22. b4 Nc4 23. Bxc4 bxc4 24. Rcc1 Bf5 25. Nc3 Ra8 26. Re1 Be4 27. f3 Bd3 28. g4 Re6 29.
Kf2 g6 30. h4 f5 31. gxf5 Bxf5 32. e4 dxe4 33. fxe4 Bg4 34. Kg3 h5 35. d5 cxd5 36.
exd5 Rf6 37. Re3 Raf8 38. Nxa4 Rf3+ 39. Rxf3 Rxf3+ 40. Kg2 Rxa3 41. Nc5 Bf3+ 42. Kf2 Bxd5 43. Rd1 Bf7 44. b5 Ra5 45. b6 Rxc5 46. Rd8+ Kg7 47. b7 Rb5 48. b8=Q Rxb8 49. Rxb8 Kf6 50. Kf3 Be6 51.
Rb5 Bf5 52. Rc5 Bd3 53. Kf4 Ke6 54. Rc6+ Kd5 55. Rc8 Kd4 56. Kg5 c3 57. Rd8+ Ke3 58.
Re8+ Kd2 59. Kf4 c2 60. Rd8 c1=Q 0-1

[Event "Early-Titled-Tuesday-Blitz-May-07-2024"]
[Site "Chess.com"]
[Date "2024.05.07"]
[Round "2"]
[White "Puzzlebot_1294"]
[Black "tptagain"]
[Result "0-1"]
[WhiteElo "2618"]
[BlackElo "2937"]
[TimeControl "180+1"]
[EndTime "8:21:07 PDT"]
[Termination "tptagain won on time"]

1. d4 d5 2. Nf3 Nf6 3. Bf4 e6 4. e3 c5 5. c3 Nc6 6. Nbd2 cxd4 7.
exd4 Nh5 8. Bg3 Bd7 9. Bd3 g6 10. Qe2 Rc8 11. Ne5 Bg7 12. Ndf3 O-O 13. O-O Nxg3 14.
hxg3 Be8 15. Rfe1 Qd6 16. Nxc6 bxc6 17. b4 Ra8 18. Ba6 Bd7 19. a4 f6 20. Qe3 Rfe8 21. Qf4 e5 22. Qd2 e4 23. Nh2 f5 24. Nf1 Qf6 25.
f4 exf3 26. gxf3 g5 27. Bd3 h5 28. f4 g4 29. Qh2 Qg6 30. Ne3 Bf6 31. Ng2 Re4 32. Bxe4 dxe4 33. Nh4 Qf7 34. Rac1 Qc4 35. Ng2 Kg7 36. Ne3 Qf7 37. d5 cxd5 38. Nc2 Rc8 39.
Nd4 Rc4 40. Qd2 h4 41. gxh4 Qh5 42. Re2 Qxh4 43. Rh2 Qg3+ 44. Rg2 Qd3 45. Qxd3 exd3 46. Rd1 Bxd4+ 47. cxd4 Rxd4 48. Rgd2 Rxf4 49. Rxd3 Be6 50. Re1 Kf6 51. Rde3 Bf7 52. Re7 Rxb4 53. Rxa7 f4 54. Ra6+ Kg5 55. Ra7 Bg6 56. Rd7 Be4 57. a5 Ra4 58. a6 Rxa6 59. Re2 g3 60. Re1 Ra2 61.
Rg7+ Kh4 62. Rh7+ Bxh7 63. Re7 Be4 0-1

[Event "Early-Titled-Tuesday-Blitz-May-07-2024"]
[Site "Chess.com"]
[Date "2024.05.07"]
[Round "2"]
[White "severomorskij"]
[Black "VD_coach"]
[Result "0-1"]
[WhiteElo "2864"]
[BlackElo "2606"]
[TimeControl "180+1"]
[EndTime "8:21:07 PDT"]
[Termination "VD_coach won by resignation"]

1. d4 Nf6 2. Bg5 g6 3. Bxf6 exf6 4. c4 d5 5. cxd5 Qxd5 6. Nc3 Qd8 7. e3 Bg7 8. g3 O-O 9. Bg2 c6 10. Nge2 Bg4 11.
O-O Nd7 12. d5 cxd5 13. Qxd5 Ne5 14. Nd4 Rb8 15. h3 Qxd5 16. Nxd5 Be6 17. Rfc1 Bxd5 18. Bxd5 Rfd8 19. Bg2 Rd7 20. Rc3 f5 21. Ra3 a6 22.
Rc1 h5 23. Rb3 Bf6 24. f4 Kg7 25. fxe5 Bxe5 26. Kf2 a5 27. Nf3 Bf6 28. a4 Rbd8 29. Rc2 g5 30. Rb5 g4 31. hxg4 hxg4 32. Nd4 Bxd4 33.
exd4 Rxd4 34. Rxb7 Rd2+ 35. Rxd2 Rxd2+ 36. Kg1 Kf6 37.
Rb5 Rd4 38. Rxa5 Rb4 39. Ra8 f4 40. gxf4 Kf5 41. a5 Kxf4 42. a6 Rxb2 43. Rc8 Ra2 44.
Bf1 f5 45. Rc3 Kg5 46. Rc5 g3 47. Rc7 f4 48. Rg7+ Kh4 49. Rf7 Kg4 50. Rg7+ Kh4 51.
Bg2 Ra1+ 52. Bf1 f3 53. a7 g2 54. Kh2 gxf1=Q 55. Rh7+ Kg4 56. Rg7+ Kf5 57. Rf7+ Kg6 0-1

[Event "Early-Titled-Tuesday-Blitz-May-07-2024"]
[Site "Chess.com"]
[Date "2024.05.07"]
[Round "2"]
[White "kidagent"]
[Black "LikeWater"]
[Result "1/2-1/2"]
[WhiteElo "2374"]
[BlackElo "2686"]
[TimeControl "180+1"]
[EndTime "8:21:07 PDT"]
[Termination "Game drawn - insufficient material"]

1. e4 e5 2. Nf3 Nc6 3. Bb5 a6 4. Ba4 Nf6 5. O-O Be7 6. Re1 b5 7.
Bb3 d6 8. c3 O-O 9. h3 Bd7 10.
d4 a5 11. a4 bxa4 12. Bxa4 exd4 13. cxd4 Nb4 14. Nc3 Bxa4 15. Rxa4 Nd7 16. Be3 Nb6 17.
Ra1 Nc4 18. Bc1 Bf6 19. Qe2 Nb6 20. e5 dxe5 21. dxe5 Be7 22. Rd1 Qc8 23. Be3 Qf5 24.
Nb5 N6d5 25. Rac1 c6 26. Nbd4 Qe4 27. Nxc6 Nxc6 28. Rxc6 Nf4 29. Qc2 Nxh3+ 30. Kh2 Qg4 31. gxh3 Qxf3 32. Rg1 Kh8 33. Rg3 Qh5 34. Bd4 Bh4 35.
Rg4 Rad8 36. Bc3 Rg8 37. Qe2 Be7 38. Rcc4 Qf5 39. Rce4 Qe6 40. Rd4 Rc8 41. Rd3 Bc5 42. Rdg3 g6 43. f4 Bb4 44. Qe4 Bxc3 45. Rxc3 Rxc3 46.
bxc3 Rd8 47. Rg2 Qb3 48. Qc2 Qxc2 49. Rxc2 a4 50. Ra2 Ra8 51. Ra3 Kg7 52. Kg3 f6 53.
Kf3 Kf7 54. Ke4 Ke6 55. c4 fxe5 56. fxe5 Ra5 57. Kd4 Rxe5 58. Rxa4 Re1 59. Ra6+ Kf5 60. Ra3 Rd1+ 61. Kc5 g5 62. Kb5 h5 63. c5 g4 64. c6 Rc1 65. Kb6 h4 66. hxg4+ Kxg4 67. c7 h3 68. Rxh3 Kxh3 69. Kb7 Kg4 70. c8=Q+ Rxc8 71. Kxc8 1/2-1/2

[Event "Early-Titled-Tuesday-Blitz-May-07-2024"]
[Site "Chess.com"]
[Date "2024.05.07"]
[Round "2"]
[White "1mbl4"]
[Black "h4parah5"]
[Result "0-1"]
[WhiteElo "2635"]
[BlackElo "3018"]
[TimeControl "180+1"]
[EndTime "8:21:09 PDT"]
[Termination "h4parah5 won by resignation"]

1. d4 Nf6 2. Nc3 e6 3. Bf4 Bb4 4. e3 Nd5 5. Ne2 Nxf4 6. exf4 d5 7. a3 Be7 8. Ng1 c5 9. Nf3 Nc6 10. Bb5 O-O 11. O-O Nxd4 12. Nxd4 cxd4 13. Qxd4 Qc7 14. f5 Bf6 15. Qd3 a6 16. Ba4 Bxc3 17.
bxc3 exf5 18. Qxd5 Be6 19. Qf3 Rac8 20. Rfe1 b5 21.
Bb3 Bxb3 22. cxb3 Qxc3 23. Qxf5 Qxb3 24. g3 Qc2 25. Qd7 Qc6 26. Qd2 Rfd8 27. Qa5 h6 28. a4 Rd5 29. axb5 axb5 30. Rab1 Rb8 31. Qa7 Ra8 32.
Qe7 Rf5 33. Re2 h5 34. h4 Qg6 35. Qe4 Rc8 36. Reb2 Rb8 37. Qd3 Re5 38. Qxg6 fxg6 39. Kg2 Rb6 40. Rb4 Rf5 41. R1b2 Kf7 42. Re2 g5 43.
hxg5 Rxg5 44. Kh3 Rc5 45. Reb2 g5 46. f4 g4+ 47. Kh4 Kg6 48. Re2 Rc1 49. Rh2 Rc4 50. f5+ Kxf5 51. Rxc4 bxc4 52. Kxh5 c3 53. Rf2+ Ke4 54.
Kxg4 Rc6 55. Rc2 Kd3 56. Rc1 Kd2 57. Rxc3 Kxc3 58. Kf5 Kd4 59. g4 Rc5+ 60. Kf6 Ke4 61. g5 Rc6+ 62. Kf7 Kf5 63. g6 Rc7+ 64. Kf8 Kxg6 0-1